 Dungeon Crawl Stone Soup version 0.28.0-45-g0d030f2227 (console) character file.

Game seed: 14589881703775616039

1439 Zeor the Spear-Bearer (level 8, -9/48 HPs)
             Began as a Tengu Monk on Apr 4, 2022.
             Was a Believer of Wu Jian.
             Mangled by a two-headed ogre
             ... wielding a +0 giant club
              (31 damage)
             ... on level 8 of the Dungeon.
             The game lasted 00:16:00 (7379 turns).

Zeor the Spear-Bearer (Tengu Monk)                  Turns: 7379, Time: 00:16:01

Health: -9/48      AC:  6    Str: 11    XL:     8   Next: 74%
Magic:  9/9        EV: 16    Int: 10    God:    Wu Jian [**....]
Gold:   378        SH:  0    Dex: 20    Spells: 7/7 levels left

rFire   . . .      SeeInvis .   a - +0 trident (venom)
rCold   . . .      Faith    .   (no shield)
rNeg    . . .      Spirit   .   c - +0 ring mail
rPois   .          Reflect  .   (helmet restricted)
rElec   .          Harm     .   l - +0 cloak
rCorr   .          Rampage  .   (no gloves)
Will    .....                   (boots unavailable)
Stlth   ++........              (no amulet)
HPRegen 0.16/turn               (no ring)
MPRegen 0.11/turn               (no ring)

@: flying quickly and evasively, quick
A: beak, talons 3, nimble flight
a: Renounce Religion, Wall Jump


You were on level 8 of the Dungeon.
You worshipped Wu Jian.
Wu Jian was pleased with you.
You visited 2 branches of the dungeon, and saw 9 of its levels.

You collected 469 gold pieces.
You spent 91 gold pieces at shops.

Inventory:

Hand Weapons
 a - a +0 trident of venom (weapon)
 o - a +2 vampiric short sword
 q - a +0 spear
Missiles
 d - 81 arrows
 g - 6 poisoned darts
 h - 24 bolts
 j - 6 javelins (quivered)
 s - a curare-tipped dart
Armour
 c - a +0 ring mail (worn)
 l - a +0 cloak (worn)
Jewellery
 b - a ring of fire
 e - an amulet of guardian spirit
 t - a ring of fire
 x - a ring of fire
Wands
 i - a wand of flame (66)
 r - a wand of digging (6)
 v - a wand of iceblast (9)
Scrolls
 f - a scroll of immolation
 k - a scroll of amnesia
 m - 5 scrolls of fog
 n - 3 scrolls of teleportation
Potions
 p - a potion of brilliance
 u - a potion of mutation
 w - a potion of curing


   Skills:
 + Level 4.3 Fighting
 * Level 8.9 Polearms
 + Level 1.1 Throwing
 + Level 3.6 Armour
 * Level 5.3 Dodging
 + Level 4.3 Stealth


You had 7 spell levels left.
You didn't know any spells.
Your spell library contained the following spells:

 Spells                   Type           Power      Damage    Failure   Level
 Corpse Rot               Necr/Air       0%         N/A       78%         2
 Ensorcelled Hibernation  Hex/Ice        0%         N/A       78%         2
 Passwall                 Tmut/Erth      0%         N/A       78%         2
 Poisonous Vapours        Pois/Air       0%         N/A       78%         2
 Swiftness                Air            0%         N/A       95%         3


Dungeon Overview and Level Annotations

Branches:
Dungeon (8/15)             Temple (1/1) D:4
   Lair: D:8-11

Altars:
Ashenzari
Cheibriados
Fedhas
Hepliaklqana
Nemelex Xobeh
Sif Muna
Trog
Uskayaw
Vehumet
Wu Jian
Yredelemnul
Zin
The Shining One

Shops:
D:3 ?


Innate Abilities, Weirdness & Mutations

You have a beak for a mouth.
You have claws for feet.
Your magical nature lets you fly swiftly and evasively.


Message History

You reach to attack!
You barely miss the two-headed ogre.
The two-headed ogre is heavily wounded.
Found a stone staircase leading up.
A yak comes into view.
Found a chain mail.
The yak bellows!
You hear a bellow!
A yak comes into view.
A yak comes into view.
Found a robe.
You hit the yak.
The yak is poisoned.
You peck the yak, but do no damage.
The yak is lightly wounded.
The yak gores you.
Aiming: Wall Jump
Press: ? - help, Dir - move target, p - two-headed ogre You repeatedly attack the yak from above.
You hit the yak but do no damage.
The yak looks as sick as possible!
You claw the yak, but do no damage. You hit the yak but do no damage.
The yak looks as sick as possible!
You repeatedly attack the two-headed ogre from above.
You hit the two-headed ogre.
The two-headed ogre is poisoned.
The two-headed ogre is heavily wounded.
You hit the two-headed ogre but do no damage.
Your peck misses the two-headed ogre.
The two-headed ogre is heavily wounded.
The yak completely misses you. The two-headed ogre misses you.
The two-headed ogre hits you with a +0 giant spiked club.
The yak gores you!
You spin and attack the yak.
You hit the yak.
The yak looks as sick as possible!
You peck the yak.
The yak is moderately wounded.
The yak gores you!
You spin and attack the two-headed ogre.
You hit the two-headed ogre.
The two-headed ogre looks as sick as possible!
You claw the two-headed ogre.
You peck the two-headed ogre, but do no damage.
The two-headed ogre is severely wounded.
The two-headed ogre hits you with a +0 giant club!!
Ouch! That really hurt!
You die...

∙▒ ▒▒∙∙∙▒▒∙▒▒∙ ∙▒
▒∙∙∙∙∙∙∙∙∙ ∙▒ ▒∙∙▒▒∙∙∙▒
▒▒▒ ∙▒ ▒▒∙▒▒▒∙∙▒▒▒▒▒∙▒▒
∙▒▒▒▒▒■▒∙∙∙▒∙∙∙∙∙▒∙∙∙∙▒
∙∙∙∙?∙∙∙∙∙∙∙∙∙∙∙∙∙∙∙∙▒▒
∙∙∙∙∙∙∙∙∙∙∙∙∙∙∙∙Y∙∙∙∙∙▒
∙∙∙∙∙∙∙∙∙∙∙∙∙▒∙∙∙O∙∙∙[▒∙


∙∙∙∙∙∙∙∙∙∙∙∙∙∙∙∙Q<∙∙∙∙∙∙∙ ∙∙∙▒▒▒▒∙∙∙∙∙∙∙∙∙∙∙∙∙∙∙∙∙∙∙ ∙∙▒▒ ▒∙∙∙∙∙∙∙∙∙▒▒∙∙∙∙∙∙∙∙▒
∙∙∙ ▒∙∙8∙∙∙∙▒∙∙∙∙∙∙∙∙∙∙∙∙▒ ∙▒∙ ∙∙∙∙∙∙∙∙▒∙∙∙∙∙∙∙∙∙∙∙∙∙ ∙8∙ ▒∙∙ ∙∙▒▒▒∙∙ ∙∙ ∙∙∙ ∙∙
∙▒∙∙ ∙▒ You could see a two-headed ogre (extremely poisoned) and a yak
(extremely poisoned).

Vanquished Creatures
  Prince Ribbit (D:5)
  A water moccasin (D:7)
  A black bear (D:5)
  3 ogres (D:6)
  A kobold brigand (D:7)
  Blork the orc (D:5)
  5 scorpions
  A howler monkey (D:5)
  A centaur skeleton (D:3)
  A centaur zombie (D:7)
  Jessica (D:2)
  Ijyb (D:4)
  Natasha (D:4)
  An iguana (D:5)
  2 killer bee zombies
  5 adders
  A white imp (D:6)
  An ufetubus (D:6)
  A worm (D:3)
  A dart slug (D:3)
  9 orcs
  5 ball pythons
  3 bats
  8 endoplasms
  3 giant cockroaches
  8 goblins
  8 hobgoblins
  2 jackals (D:3)
  8 kobolds
  2 quokkas
  3 frilled lizards
  3 rats
93 creatures vanquished.

Notes
Turn   | Place    | Note
-------+----------+-------------------------------------------
     0 | D:1      | Zeor the Tengu Monk began the quest for the Orb.
     0 | D:1      | Reached XP level 1. HP: 14/14 MP: 2/2
   192 | D:1      | Reached XP level 2. HP: 13/19 MP: 3/3
  1067 | D:1      | Found a faded altar of an unknown god.
  1405 | D:2      | Reached XP level 3. HP: 23/23 MP: 4/4
  1593 | D:2      | Noticed Jessica
  1607 | D:2      | Killed Jessica
  1608 | D:2      | Reached skill level 4 in Polearms
  1608 | D:2      | Reached XP level 4. HP: 11/28 MP: 5/5
  2714 | D:3      | Found a blossoming altar of Fedhas.
  2767 | D:3      | Found a hazy altar of Hepliaklqana.
  2776 | D:3      | Gained mutation: Your magical nature lets you fly swiftly
                  | and evasively. [Tengu growth]
  2776 | D:3      | Reached XP level 5. HP: 29/32 MP: 6/6
  2818 | D:3      | Reached skill level 5 in Polearms
  2825 | D:3      | Found Qeewn's Magic Scroll Emporium.
  2833 | D:3      | Bought a scroll of fog for 26 gold pieces
  2833 | D:3      | Bought a scroll of teleportation for 39 gold pieces
  2833 | D:3      | Bought a scroll of identify for 26 gold pieces
  3299 | D:4      | Noticed Ijyb
  3421 | D:4      | Killed Ijyb
  3422 | D:4      | Reached skill level 1 in Armour
  3493 | D:4      | Found a staircase to the Ecumenical Temple.
  3507 | Temple   | Entered the Ecumenical Temple
  3524 | Temple   | Became a worshipper of the Wu Jian Council
  3524 | Temple   | Reached * piety under Wu Jian
  3524 | Temple   | Reached ** piety under Wu Jian
  3582 | D:4      | Noticed Natasha
  3590 | D:4      | Killed Natasha
  3790 | D:5      | Entered Level 5 of the Dungeon
  3823 | D:5      | Reached XP level 6. HP: 16/37 MP: 7/7
  4181 | D:5      | Noticed a black bear
  4269 | D:5      | Killed a black bear
  4270 | D:5      | Reached skill level 6 in Polearms
  4367 | D:5      | Noticed Blork the orc
  4380 | D:5      | Noticed Prince Ribbit
  4413 | D:5      | Killed Prince Ribbit
  4414 | D:5      | Reached XP level 7. HP: 6/43 MP: 8/8
  4465 | D:5      | Killed Blork the orc
  4466 | D:5      | Reached skill level 7 in Polearms
  5497 | D:6      | Reached XP level 8. HP: 43/48 MP: 9/9
  5506 | D:6      | Reached skill level 5 in Dodging
  5941 | D:6      | Reached skill level 1 in Throwing
  6117 | D:6      | Reached skill level 8 in Polearms
  6701 | D:7      | Found a snail-covered altar of Cheibriados.
  6928 | D:7      | Found a radiant altar of Vehumet.
  7078 | D:7      | Found a glowing golden altar of the Shining One.
  7238 | D:7      | Found a sparkling altar of Nemelex Xobeh.
  7334 | D:8      | Noticed a two-headed ogre
  7366 | D:8      | Noticed a yak
  7366 | D:8      | Noticed a yak
  7367 | D:8      | Noticed a yak
  7379 | D:8      | Mangled by a two-headed ogre

Illustrated notes

Levels and vault maps discovered:
D:1:      lemuel_arrival_broad_hall, layout_basic,
          shapermc_ecumenical_altar_mp_vishouse, roderic_roman_lattice
D:2:      layout_basic, uniq_jessica
D:3:      layout_basic, fedhas_altar_4, lemuel_crystal_altar, serial_shops, shop
D:4:      layout_basic, minmay_temple_entry_sparse_star, nrook_campfire,
          palyth_stone_intersect, hex_tiny, uniq_ijyb, uniq_natasha
D:5:      layout_basic, uniq_prince_ribbit1, uniq_blork_the_orc
D:6:      layout_basic, small_statue_intersection
D:7:      layout_cave_pools, nicolae_tso_carved_into_rock,
          nemelex_spade_bored_becter, vehumet_crystals, amcnicky_altar_gilded
D:8:      layout_cave_pools, mainiacjoe_overflow_concentric_impassable,
          nicolae_ossuary_entry_monument, grunt_livestock,
          doesnt_shop_hydraphobe
Temple:   zaba_magenta_temple

Skill      XL: |  1  2  3  4  5  6  7  8 |
---------------+-------------------------+-----
Polearms       | 4 5 6 7 8 |  8.9
Dodging        | 4 5 |  5.3
Armour         | 1 2 3 |  3.6
Stealth        | 3 4 |  4.3
Fighting       | 4 |  4.3
Throwing       | 1 |  1.1

Action                   |  1- 3 |  4- 6 |  7- 9 || total
-------------------------+-------+-------+-------++-------
Melee: Spear             |    69 |   155 |    26 ||   250
       Kick              |    11 |    37 |    41 ||    89
       Peck              |     9 |    30 |    25 ||    64
       Punch             |       |     2 |       ||     2
       Trident           |       |       |    97 ||    97
Throw: Javelin           |       |     5 |     1 ||     6
Invok: Whirlwind         |       |     4 |    12 ||    16
       Lunge             |       |     1 |     9 ||    10
 Abil: Wall Jump         |       |     8 |     7 ||    15
  Use: Scroll            |     1 |     8 |     5 ||    14
       Potion            |       |     1 |     1 ||     2
 Stab: Sleeping          |     5 |     5 |     3 ||    13
       Distracted        |       |       |     1 ||     1
Armor: Robe              |     1 |       |       ||     1
       Ring mail         |     4 |    26 |    15 ||    45
Dodge: Dodged            |    12 |    51 |    48 ||   111
